 Dungeon Crawl Stone Soup version 0.30-a0-23-ge60ba3568b (webtiles) character file.

Game seed: 1267256228894108688

2144 fingers the Slasher (level 9, -8/71 HPs)
             Began as a Human Berserker on Aug 24, 2022.
             Was a Believer of Trog.
             Mangled by a troll (11 damage)
             ... on level 6 of the Dungeon.
             The game lasted 00:13:01 (5439 turns).

fingers the Slasher (Human Berserker)               Turns: 5439, Time: 00:13:02

Health: -8/71      AC: 19    Str: 22    XL:     9   Next: 56%
Magic:  9/9        EV: 12    Int:  7    God:    Trog [**....]
Gold:   293        SH:  0    Dex: 13    Spells: 8/8 levels left

rFire   + . .      SeeInvis .    J - +0 long sword
rCold   x . .      Faith    .    (no shield)
rNeg    . . .      Spirit   .    K - +0 plate armour
rPois   .          Reflect  .    w - +1 helmet
rElec   .          Harm     .    C - +0 cloak
rCorr   .          Rampage  .    q - +2 pair of gloves
Will    .....                    (no boots)
Stlth   ..........               I - amulet of the acrobat
HPRegen 0.21/turn                F - ring of fire
MPRegen 0.11/turn                u - +4 ring of evasion

@: on berserk cooldown, slowed, very slow
A: no striking features
a: Renounce Religion, Berserk, Trog's Hand


You were on level 6 of the Dungeon.
You worshipped Trog.
Trog was pleased with you.
You visited 1 branch of the dungeon, and saw 6 of its levels.

You collected 293 gold pieces.

Inventory:

Hand Weapons
 a - a +0 falchion
 J - a +0 long sword (weapon)
Missiles
 N - 5 javelins
Armour
 b - a +0 animal skin
 i - a +0 ring mail
 q - a +2 pair of gloves (worn)
 r - a +0 chain mail
 w - a +1 helmet (worn)
 C - a +0 cloak (worn)
 K - a +0 plate armour (worn)
Jewellery
 o - a ring of fire
 u - a +4 ring of evasion (right hand)
 B - a ring of poison resistance
 D - a ring of flight
 E - a ring of protection from fire
 F - a ring of fire (left hand)
 H - a +4 ring of evasion
 I - an amulet of the acrobat (around neck)
 M - a ring of protection from fire
Wands
 v - a wand of light (1) (quivered)
 x - a wand of iceblast (8)
Scrolls
 c - a scroll of teleportation {unknown}
 d - a scroll of brand weapon {unknown}
 f - 2 scrolls of vulnerability {unknown}
 g - a scroll of enchant weapon {unknown}
 h - 5 scrolls of magic mapping {unknown}
 j - 3 scrolls of poison {unknown}
 k - a scroll of torment {unknown}
 l - 4 scrolls of identify {unknown}
 y - a scroll of immolation {unknown}
 A - a scroll of noise {unknown}
Potions
 e - 3 potions of flight {unknown}
 m - 2 potions of heal wounds {unknown}
 n - a potion of berserk rage {unknown}
 p - a potion of might {unknown}
 s - a potion of magic {unknown}
 t - a potion of mutation {unknown}
 z - 4 potions of degeneration {unknown}
 G - a potion of cancellation {unknown}
 L - a potion of curing {unknown}


   Skills:
 * Level 6.7 Fighting
 * Level 6.7 Long Blades
 * Level 6.2 Armour
 * Level 6.3 Dodging


You had 8 spell levels left.
You didn't know any spells.
Your spell library was empty.

Dungeon Overview and Level Annotations

Branches:
Dungeon (7/15)
 Temple: D:4-7

Altars:
Sif Muna


Message History

The centaur kicks you but does no damage.
The centaur hits you but does no damage.
The centaur kicks you but does no damage.
The troll bites you but does no damage. The troll claws you.
The troll closely misses you.
The centaur hits you but does no damage.
The centaur kicks you but does no damage.
The troll bites you but does no damage.
The troll claws you but does no damage. x2
You hit the troll.
The troll is almost dead.
The centaur barely misses you. The centaur completely misses you.
The troll bites you! The troll claws you!
* * * LOW HITPOINT WARNING * * *
The troll claws you.
* * * LOW HITPOINT WARNING * * *
The centaur hits you but does no damage.
The centaur closely misses you.
The centaur wields a +0 shortbow.
The centaur shoots an arrow.
The arrow barely misses you. The troll completely misses you. x2
The troll claws you!
* * * LOW HITPOINT WARNING * * *
You completely miss the troll.
The troll is severely wounded.
The centaur unwields a +0 shortbow.
The centaur hits you but does no damage.
The centaur barely misses you. The troll misses you.
The troll closely misses you. The troll claws you but does no damage.
The centaur hits you but does no damage.
The centaur barely misses you.
You are too injured to fight recklessly!
Aiming: Bolt of Light
Press: ? - help, Q - select action, (/) - cycle Shift-Dir - straight line The bolt of light hits the troll.
The troll is almost dead.
The troll is blinded.
The centaur hits you.
* * * LOW HITPOINT WARNING * * *
The centaur kicks you but does no damage.
The troll closely misses you. The troll claws you!
You die...

#.##.#..#..T#..#.##..........#
#.†..#..#.O.#..#)††..........#
#.##.#..#...#..#.##..........#
#..###..#...#..###..###......#
##...####...####....# ###....#
##.....##'##.......# ##....#
#[.........)......# ##.....#
#.......#..Tc.....###...#.##
##.....##.[@.......#..#...#
##.................#.###.##
#.......#........#.....#.###
#...).....#.....##...#.....(
#.......##########.#.###.###
##.....##########..#.###.#..
##........................#
########.......###.#......
#.............#....


You could see a troll (blind) and a centaur.

Vanquished Creatures
  A two-headed ogre (D:6)
  Eustachio (D:4)
  A steam dragon (D:6)
  A water moccasin (D:6)
  A black bear (D:4)
  An ice beast (D:6)
  2 bullfrogs (D:6)
  A necrophage (D:6)
  2 scorpions
  6 hounds
  2 orc priests
  A jelly (D:6)
  Crazy Yiuf (D:4)
  4 iguanas (D:6)
  Jessica (D:2)
  Natasha (twice) (D:2)
  3 orc wizards
  Robin (D:4)
  3 adders
  2 river rats (D:4)
  A worm (D:4)
  3 dart slugs
  9 orcs
  An endoplasm (D:2)
  5 giant cockroaches
  12 goblins
  7 hobgoblins
  3 quokkas
  11 ball pythons
  3 bats
  9 frilled lizards
  7 kobolds
  3 rats
111 creatures vanquished.

Vanquished Creatures (others)
  4 plants (D:1)
4 creatures vanquished.

Grand Total: 115 creatures vanquished

Notes
Turn   | Place    | Note
-------+----------+-------------------------------------------
     0 | D:1      | fingers the Human Berserker began the quest for the Orb.
     0 | D:1      | Reached XP level 1. HP: 18/18 MP: 1/1
   318 | D:1      | Reached XP level 2. HP: 21/24 MP: 2/2
   991 | D:2      | Noticed Natasha
   997 | D:2      | Killed Natasha
   998 | D:2      | Reached XP level 3. HP: 29/29 MP: 3/3
  1177 | D:2      | Noticed Natasha
  1180 | D:2      | Found a shimmering blue altar of Sif Muna.
  1186 | D:2      | Killed Natasha
  1187 | D:2      | Reached XP level 4. HP: 35/35 MP: 4/4
  1294 | D:2      | Found a faded altar of an unknown god.
  1316 | D:2      | Noticed Jessica
  1321 | D:2      | Killed Jessica
  1322 | D:2      | Reached XP level 5. HP: 42/42 MP: 5/5
  1833 | D:3      | Reached ** piety under Trog
  2289 | D:4      | Noticed Robin
  2307 | D:4      | Killed Robin
  2467 | D:4      | Noticed Eustachio
  2531 | D:4      | Killed Eustachio
  2532 | D:4      | Reached XP level 6. HP: 44/49 MP: 6/6
  2733 | D:4      | Reached XP level 7. HP: 48/55 MP: 7/7
  3717 | D:4      | Found a runed translucent door.
  3718 | D:4      | Noticed Crazy Yiuf
  3724 | D:4      | Killed Crazy Yiuf
  3725 | D:4      | Reached skill level 5 in Fighting
  3804 | D:4      | You fall into a shaft and drop 3 floors!
  4046 | D:6      | Reached skill level 5 in Long Blades
  4046 | D:6      | Reached XP level 8. HP: 52/62 MP: 8/8
  4835 | D:6      | Reached skill level 5 in Armour
  4835 | D:6      | Reached skill level 5 in Dodging
  5407 | D:6      | Noticed a two-headed ogre
  5407 | D:6      | Noticed a troll
  5418 | D:6      | Reached XP level 9. HP: 69/69 MP: 9/9
  5424 | D:6      | Killed a two-headed ogre
  5439 | D:6      | HP: 3/71 [centaur (4)]
  5439 | D:6      | Mangled by a troll

Illustrated notes

Levels and vault maps discovered:
D:1:      dpeg_arrival_arbitrary_c, layout_basic,
          nicolae_concentric_dashed_squares_mild, minmay_lizard_king
D:2:      layout_basic, ebering_ecumenical_altar_abandoned, basic_altar,
          uniq_jessica, uniq_natasha
D:3:      layout_loops_ring
D:4:      layout_gridville, portal_sewer_entry_a, uniq_crazy_yiuf_cottage,
          uniq_eustachio, uniq_robin
D:6:      layout_rooms, minmay_divided_ellipse
D:7:      layout_basic, minmay_temple_entry_stoned_glass

Skill      XL: |  1  2  3  4  5  6  7  8  9 |
---------------+----------------------------+-----
Armour         | 3 4 5 6 |  6.2
Dodging        | 3 4 5 6 |  6.3
Fighting       | 4 5 6 |  6.7
Long Blades    | 4 5 6 |  6.7

Action                   |  1- 3 |  4- 6 |  7- 9 || total
-------------------------+-------+-------+-------++-------
Melee: Falchion          |    54 |   124 |   133 ||   311
       Punch             |       |     3 |     5 ||     8
       Long sword        |       |       |   182 ||   182
Invok: Berserk           |     4 |     4 |     9 ||    17
       Trog's Hand       |       |     3 |     1 ||     4
Evoke: Wand              |       |     4 |     3 ||     7
 Stab: Invisible         |       |       |     2 ||     2
Armor: Animal skin       |     3 |       |       ||     3
       Ring mail         |    18 |     7 |       ||    25
       Chain mail        |       |   138 |   116 ||   254
       Plate armour      |       |       |   145 ||   145
Dodge: Dodged            |    47 |   220 |   351 ||   618

Table legend: (Time is in decaauts)
 A = Elapsed time spent in this place.
 B = Non-inter-level travel time spent in this place.
 C = Inter-level travel time spent in this place.
 D = Time resting spent in this place.
 E = Time spent auto-exploring this place.
 F = Levels seen in this place.
 G = Mean time per level.
                   A        B        C        D        E       F      G
               +--------+--------+--------+--------+--------+-----+--------+
         Total |   5637 |   5587 |     50 |   1767 |   2154 |   6 |  939.5 |
       Dungeon |   5637 |   5587 |     50 |   1767 |   2154 |   6 |  939.5 |
               +--------+--------+--------+--------+--------+-----+--------+

Top non-repeatable levels by time:
     D:4: 1649 daAuts
     D:6: 1641 daAuts
     D:1: 1016 daAuts
     D:2: 644 daAuts
     D:3: 643 daAuts
     D:7: 41 daAuts
